 Dungeon Crawl Stone Soup version 0.32-a0-630-g46d191b0ed (webtiles) character file.

Game seed: 14489020980916392168

116 gruber the Shooter (level 5, 0/38 HPs)
             Began as a Coglin Hunter on Mar 6, 2024.
             Killed from afar by an orc wizard (6 damage)
             ... with a magic dart
             ... on level 3 of the Dungeon.
             The game lasted 00:00:50 (1871 turns).

gruber the Shooter (Coglin Hunter)                  Turns: 1871, Time: 00:00:51

Health: 0/38       AC:  3    Str: 11    XL:     5   Next: 1%
Magic:  5/5        EV: 12    Int:  9    God:
Gold:   117        SH:  0    Dex: 19    Spells: 4/4 levels left

rFire   . . .        a - +2 sling {Uttamveer}
rCold   . . .        d - +0 sling {Zorawar}
rNeg    . . .        c - +0 leather armour
rPois   .            (no helmet)
rElec   .            (no cloak)
rCorr   .            (no gloves)
SInv    .            (no boots)
Will    .....        (amulet unavailable)
Stlth   ++           (ring unavailable)
HPRegen 0.26/turn    (ring unavailable)
MPRegen 0.09/turn    (no gizmo)

%: no passive effects
@: revved
A: off-hand wielding, slow wielding, warmup strikes, no jewellery
a: Invent Gizmo


You were on level 3 of the Dungeon.
You visited 1 branch of the dungeon, and saw 3 of its levels.

You collected 117 gold pieces.

Inventory:

Hand Weapons
 a - a +2 sling (weapon) {Uttamveer}
 d - a +0 sling (offhand) {Zorawar}
Armour
 c - a +0 leather armour (worn)
Scrolls
 b - a scroll of butterflies
 f - 3 scrolls of teleportation {unknown}
 g - 2 scrolls of enchant weapon {unknown}
 i - a scroll of blinking {unknown}
 k - 2 scrolls of fear {unknown}
 m - a scroll of noise {unknown}
 o - a scroll of identify {unknown}
 q - a scroll of enchant armour {unknown}
Potions
 e - a potion of berserk rage {unknown}
 h - 2 potions of haste {unknown}
 j - a potion of mutation {unknown}
 l - 2 potions of lignification {unknown}
 n - a potion of attraction {unknown}
 p - a potion of resistance {unknown}
 r - a potion of curing {unknown}
 s - a potion of cancellation {unknown}


   Skills:
 - Level 2.0 Fighting
 + Level 5.6 Ranged Weapons
 - Level 1.7 Dodging
 - Level 0.7 Stealth


You had 4 spell levels left.
You didn't know any spells.
Your spell library contained the following spells:

 Spells                   Type           Power      Damage    Failure   Level
 Lesser Beckoning         Tloc           0%         N/A       63%         2
 Gell's Gravitas          Tloc           0%         N/A       85%         3
 Teleport Other           Tloc           0%         N/A       85%         3


Dungeon Overview and Level Annotations

Branches:
Dungeon (3/15)

Altars:
Kikubaaqudgha
Wu Jian


Innate Abilities, Weirdness & Mutations

You can wield a second weapon in your off-hand.
It takes a long time for you to wield or remove held weapons.
Your first few attacks do less damage.
You cannot equip rings or amulets.


Message History

You shoot a sling bullet. The sling bullet hits the orc.
The orc is severely wounded.
You shoot a sling bullet. The sling bullet barely misses the orc.
The sling bullet hits the orc wizard.
The orc wizard is moderately wounded.
The orc wizard casts a spell at you. The puff of flame hits you!
Unknown command.
You are too injured to fight recklessly!
Unknown command.
You are too injured to fight recklessly!
You are too injured to fight recklessly!
Fire: a) +2 sling {Uttamveer}
Press: ? - help, Q - select action Shift-Dir - straight line, f/p - orc
Aim: an orc, wielding a +0 club (severely wounded, 64% to hit)
You shoot a sling bullet. The sling bullet hits the orc.
You kill the orc!
You shoot a sling bullet. The orc wizard casts a spell at you.
The puff of flame hits you!
* * * LOW HITPOINT WARNING * * *
You have reached level 5!
Fire: a) +2 sling {Uttamveer}
Press: ? - help, Q - select action Shift-Dir - straight line, f - orc wizard
Aim: an orc wizard, wielding a +0 dagger and wearing a +0 robe (moderately wounded, 58% to hit)
You shoot a sling bullet.
The sling bullet completely misses the orc wizard.
You shoot a sling bullet.
The sling bullet barely misses the orc wizard.
Fire: a) +2 sling {Uttamveer}
Press: ? - help, Q - select action Shift-Dir - straight line, f/p - orc wizard
Aim: an orc wizard, wielding a +0 dagger and wearing a +0 robe (moderately wounded, 58% to hit)
You shoot a sling bullet.
The sling bullet closely misses the orc wizard.
You shoot a sling bullet.
The sling bullet hits the orc wizard but does no damage.
The orc wizard is moderately wounded.
The orc wizard gestures at you while chanting.
The magic dart hits you.
You die...

###.# #...# #.#.# #.#.# ####
######## #.#.# .....
#####......# ######.#.# .....
#..........# #......#.# ....
.......)...# #.######.# ....
..$)..o@...###'## #.# .###
.....)####......# #.# .# ..<..
#......# #.# .# #+###..
#......#####.# .+ #.# #.
#..........#^# .####.#.# #
#......)...#.# ....#.#.#
########...#(# ###.#.#.#
################..>#.#
......#.###.................##.#


You could see an orc wizard.

Vanquished Creatures
  A bombardier beetle (D:2)
  An adder (D:2)
  A dart slug (D:3)
  A ribbon worm (D:3)
  4 orcs (D:3)
  10 ball pythons
  3 endoplasms
  2 giant cockroaches
  4 goblins
  9 hobgoblins
  6 jackals
  4 kobolds
  A quokka (D:3)
  4 bats (D:1)
  3 frilled lizards
  7 rats
61 creatures vanquished.

Notes
Turn   | Place    | Note
-------+----------+-------------------------------------------
     0 | D:1      | gruber the Coglin Hunter began the quest for the Orb.
     0 | D:1      | Reached XP level 1. HP: 16/16 MP: 1/1
    54 | D:1      | Reached skill level 4 in Ranged Weapons
    54 | D:1      | Reached XP level 2. HP: 22/22 MP: 2/2
   466 | D:1      | Reached XP level 3. HP: 27/27 MP: 3/3
  1002 | D:2      | Reached skill level 5 in Ranged Weapons
  1002 | D:2      | Reached XP level 4. HP: 23/33 MP: 4/4
  1665 | D:3      | Found an ancient bone altar of Kikubaaqudgha.
  1667 | D:3      | Found an ornate altar of the Wu Jian Council.
  1870 | D:3      | Reached XP level 5. HP: 6/38 MP: 5/5
  1871 | D:3      | Killed from afar by an orc wizard

Illustrated notes

Levels and vault maps discovered:
D:1:      dpeg_arrival_castle, layout_loops_ring, serial_glass, glass_columns_a,
          glass_columns_a
D:2:      layout_basic, grunt_decor_mini_mirrors, hex_intersection, minivault_11
D:3:      layout_basic, jmf_multi_god_temple, minmay_misc_feat_rugged

Skill      XL: |  1  2  3 |
---------------+----------+-----
Ranged Weapons | 4 5 |  5.6
Fighting       | |  2.0
Dodging        | |  1.7
Stealth        | |  0.7

Action                     |  1- 3 |  4- 6 || total
---------------------------+-------+-------++-------
   Fire: Sling             |   138 |    74 ||   212
 Armour: Leather armour    |     3 |     6 ||     9
  Dodge: Dodged            |     3 |     3 ||     6

Table legend: (Time is in decaauts)
 A = Elapsed time spent in this place.
 B = Non-inter-level travel time spent in this place.
 C = Inter-level travel time spent in this place.
 D = Time resting spent in this place.
 E = Time spent auto-exploring this place.
 F = Levels seen in this place.
 G = Mean time per level.
                   A        B        C        D        E       F      G
               +--------+--------+--------+--------+--------+-----+--------+
         Total |   1894 |   1861 |     33 |      0 |   1635 |   3 |  631.3 |
       Dungeon |   1894 |   1861 |     33 |      0 |   1635 |   3 |  631.3 |
               +--------+--------+--------+--------+--------+-----+--------+

Top non-repeatable levels by time:
     D:2: 782 daAuts
     D:1: 616 daAuts
     D:3: 495 daAuts
